 Dungeon Crawl Stone Soup version 0.19.5 (webtiles) character file.

6538 Peloso the Carver (level 10, -3/88 HPs)
             Began as a Minotaur Fighter on Apr 11, 2017.
             Was a High Priest of Okawaru.
             Splashed by Maurice's acid (11 damage)
             ... on level 8 of the Dungeon.
             The game lasted 00:14:59 (7743 turns).

Peloso the Carver (Minotaur Fighter)                Turns: 7743, Time: 00:15:02

Health: -3/88      AC:  9    Str: 23    XL:     10   Next: 70%
Magic:  0/10       EV:  8    Int:  5    God:    Okawaru [*****.]
Gold:   531        SH: 12    Dex: 16    Spells: 0 memorised, 9 levels left

rFire  + . .     SeeInvis .     l - +0 scimitar (flame)
rCold  x . .     Gourm    .     D - +0 plate armour
rNeg   . . .     Faith    .     c - +0 shield
rPois  .         Spirit   +     g - +1 hat
rElec  .         Reflect  .     u - +0 cloak
rCorr  .         Harm     .     (no gloves)
MR     .....                    (no boots)
Stlth  ..........               G - amulet of guardian spirit
                                J - ring of fire
                                i - +5 ring of dexterity

@: corroded
A: retaliatory headbutt, horns 2
a: Heroism, Finesse, Renounce Religion


You were on level 8 of the Dungeon.
You worshipped Okawaru.
Okawaru was extremely pleased with you.
You were not hungry.

You visited 1 branch of the dungeon, and saw 8 of its levels.

You collected 531 gold pieces.

Inventory:

Hand Weapons
 a - a +0 long sword
 l - a +0 scimitar of flaming (weapon)
 K - the +4 halberd of Satyriasis {vamp, +Blink Dex+2 SInv, unknown}
   (Okawaru gifted it to you on level 8 of the Dungeon)

   It inflicts no extra harm, but heals its wielder when it wounds a living foe.
   It affects your dexterity (+2).
   It lets you see invisible.
   It lets you blink.
Armour
 c - a +0 shield (worn)
 g - a +1 hat (worn)
 u - a +0 cloak (worn)
 D - a +0 plate armour (worn)
Jewellery
 i - a +5 ring of dexterity (left hand)
 x - an uncursed ring of ice
 G - an amulet of guardian spirit (around neck)
 J - a ring of fire (right hand)
Wands
 r - a wand of confusion (13/48)
 M - a wand of slowing (18/48)
 O - a wand of enslavement (18/24)
Scrolls
 e - 2 scrolls of fear {unknown}
 j - 3 scrolls of teleportation {unknown}
 k - 2 scrolls of enchant armour {unknown}
 n - 2 scrolls of amnesia {unknown}
 o - a scroll of identify
 s - a scroll of fog {unknown}
 w - 3 scrolls of remove curse
 y - 4 scrolls of noise {unknown}
 E - a scroll of recharging {unknown}
 H - a scroll of blinking {unknown}
 N - a scroll of magic mapping {unknown}
Potions
 d - 4 potions of might
 h - 4 potions of brilliance
 m - a potion of magic
 p - 2 potions of flight
 q - 2 potions of agility
 v - 3 potions of heal wounds
 A - a potion of berserk rage
 C - a potion of curing
 F - 2 potions of resistance
 I - a potion of cancellation {unknown}
 P - a potion of haste {unknown}
Comestibles
 f - 3 bread rations
 z - 3 chunks of flesh
 B - 2 beef jerkies
 L - 2 meat rations


   Skills:
 + Level 7.7 Fighting
 + Level 11.9 Long Blades
 + Level 10.1 Armour
 + Level 4.1 Dodging
 + Level 1.7 Stealth
 + Level 9.1 Shields
 + Level 1.4 Invocations


You had 9 spell levels left.
You didn't know any spells.

Dungeon Overview and Level Annotations

Branches:
Dungeon (8/15)             Temple (0/1) D:6
   Lair: D:8-11

Altars:
Cheibriados
Fedhas
Hepliaklqana
Kikubaaqudgha
Okawaru
Xom
Yredelemnul
Zin

Shops:
D:4 *

Annotations:
D:8 Maurice


Innate Abilities, Weirdness & Mutations

You reflexively headbutt those who attack you in melee.
You have a pair of horns on your head.


Message History

You are no longer corroded.
You hear a zap.
A bolt of acid appears from out of thin air!
The bolt of acid hits you! The acid corrodes you!
You are splashed with acid!
The acid burns!
You block the iguana's attack.
You miss something. Something hits you but does no damage.
You block the iguana's attack.
Your plate armour prevents you from hitting something.
You hear a zap.
A bolt of acid appears from out of thin air!
The bolt of acid hits you!
You are splashed with acid!
The acid burns!
* * * LOW HITPOINT WARNING * * *
The iguana bites you but does no damage.
Your shield and plate armour prevent you from hitting something.
You hear a zap.
A bolt of acid appears from out of thin air!
The bolt of acid hits you!
* * * LOW HITPOINT WARNING * * *
The acid corrodes you!
You are splashed with acid!
The acid burns!
You die...

..............'.........#........
..............#.........+.)......
..............#.........#........
####..........##'########........
...#.....####................)...
...#.....# +....................
...#.....# #....................
...#.....# #...l..............##
...#[....# #...@..............#
...+.....+ #..................#
#### #..................##
#.....# ####+#.......<....... #
....# #............... # ....+
#............... + ...#
#.....<......... # ...######
#.............## # #........
.........#######


You could see an iguana.

Vanquished Creatures
  Gastronok (D:8)
  Erica (D:8)
  A hill giant (D:7)
  An ugly thing (D:7)
  Joseph (D:7)
  Prince Ribbit (D:8)
  A water moccasin (D:5)
  Duvessa (D:7)
  An orc warrior (D:6)
  A phantom (D:5)
  3 ice beasts
  4 ogres
  3 centaurs
  3 bullfrogs
  Dowan (D:7)
  A scorpion (D:5)
  3 killer bees (D:7)
  A bullfrog zombie (D:5)
  2 crimson imps
  A centaur zombie (D:5)
  2 centaur skeletons
  2 orc priests
  4 hounds
  A jelly (D:5)
  2 orc wizards (D:6)
  3 bullfrog skeletons
  3 iguanas
  Natasha (twice) (D:4)
  7 worker ants
  7 gnolls (D:6)
  10 adders
  3 river rats (D:6)
  An ooze (D:5)
  An adder skeleton (D:5)
  2 adder zombies
  A worm (D:6)
  3 leopard geckos
  20 orcs
  A ball python (D:7)
  6 giant cockroaches
  2 goblins
  4 hobgoblins
  6 jackals
  2 quokkas
  9 bats
  7 frilled lizards
  2 gnoll zombies (D:7)
  4 kobolds
  A quokka skeleton (D:8)
  5 rats (D:3)
  A bush (D:3)
  3 plants (D:6)
159 creatures vanquished.

Notes
Turn   | Place    | Note
-------+----------+-------------------------------------------
     0 | D:1      | Peloso the Minotaur Fighter began the quest for the Orb.
     0 | D:1      | Reached XP level 1. HP: 19/19 MP: 0/0
   876 | D:1      | Reached XP level 2. HP: 27/27 MP: 1/1
  1467 | D:2      | Reached XP level 3. HP: 31/33 MP: 2/2
  1662 | D:3      | Reached skill level 3 in Long Blades
  2263 | D:3      | Reached XP level 4. HP: 37/40 MP: 3/3
  2647 | D:4      | Reached skill level 1 in Dodging
  2835 | D:4      | Reached XP level 5. HP: 46/46 MP: 4/4
  2860 | D:4      | Reached skill level 4 in Long Blades
  3029 | D:4      | Reached skill level 5 in Shields
  3057 | D:4      | Found an iron altar of Okawaru.
  3067 | D:4      | Became a worshipper of Warmaster Okawaru
  3071 | D:4      | Reached skill level 5 in Armour
  3083 | D:4      | Found Hlufyuqi's Humungous Hoard.
  3111 | D:4      | Noticed Natasha
  3116 | D:4      | Killed Natasha
  3116 | D:4      | Reached XP level 6. HP: 51/52 MP: 5/5
  3202 | D:4      | Noticed Natasha
  3210 | D:4      | Killed Natasha
  3353 | D:5      | Entered Level 5 of the Dungeon
  3364 | D:5      | Reached skill level 5 in Long Blades
  3379 | D:5      | Reached * piety under Okawaru
  3379 | D:5      | Reached skill level 1 in Stealth
  3421 | D:5      | Reached XP level 7. HP: 50/60 MP: 6/6
  3444 | D:5      | Found a shimmering altar of Xom.
  3509 | D:5      | Reached skill level 6 in Long Blades
  3738 | D:5      | Reached skill level 7 in Long Blades
  3965 | D:5      | Reached ** piety under Okawaru
  3965 | D:5      | Reached skill level 5 in Fighting
  4078 | D:5      | Found a faded altar of an unknown god.
  4078 | D:5      | Found a glowing silver altar of Zin.
  4083 | D:5      | Found an ancient bone altar of Kikubaaqudgha.
  4085 | D:5      | Found a faded altar of an unknown god.
  4086 | D:5      | Found a faded altar of an unknown god.
  4218 | D:6      | Reached XP level 8. HP: 64/68 MP: 7/7
  4592 | D:6      | Found a snail-covered altar of Cheibriados.
  4691 | D:6      | Reached skill level 8 in Long Blades
  4720 | D:6      | Found a staircase to the Ecumenical Temple.
  4925 | D:6      | Found a hazy altar of Hepliaklqana.
  5687 | D:7      | Reached *** piety under Okawaru
  6078 | D:7      | Reached skill level 9 in Long Blades
  6078 | D:7      | Reached XP level 9. HP: 60/75 MP: 8/8
  6193 | D:7      | Noticed a white ugly thing
  6201 | D:7      | Killed a white ugly thing
  6398 | D:7      | Found a blossoming altar of Fedhas.
  6399 | D:7      | Noticed a hill giant
  6410 | D:7      | Killed a hill giant
  6410 | D:7      | Reached skill level 10 in Long Blades
  6440 | D:7      | Noticed Duvessa
  6441 | D:7      | Noticed Dowan
  6451 | D:7      | Killed Duvessa
  6454 | D:7      | Killed Dowan
  6501 | D:7      | Found a basalt altar of Yredelemnul.
  6765 | D:7      | Noticed Joseph
  6789 | D:7      | Killed Joseph
  6789 | D:7      | Reached **** piety under Okawaru
  7052 | D:8      | Noticed Gastronok
  7067 | D:8      | Killed Gastronok
  7067 | D:8      | Reached ***** piety under Okawaru
  7067 | D:8      | Reached skill level 11 in Long Blades
  7067 | D:8      | Reached XP level 10. HP: 63/86 MP: 1/9
  7086 | D:8      | Noticed Erica
  7104 | D:8      | Killed Erica
  7104 | D:8      | Reached skill level 1 in Invocations
  7421 | D:8      | Noticed Prince Ribbit
  7429 | D:8      | Killed Prince Ribbit
  7429 | D:8      | Received a gift from Okawaru
  7429 | D:8      | Reached skill level 10 in Armour
  7434 | D:8      | Got a pitted halberd {god gift}
  7720 | D:8      | Noticed Maurice
  7743 | D:8      | Splashed by Maurice's acid

Skill      XL: |  1  2  3  4  5  6  7  8  9 10 |
---------------+-------------------------------+-----
Armour         | 4 5 7 9 10 | 10.1
Shields        | 4 5 7 8 9 |  9.1
Long Blades    | 3 4 5 7 9 11 | 11.9
Fighting       | 4 5 6 7 |  7.7
Dodging        | 1 2 3 4 |  4.1
Stealth        | 1 |  1.7
Invocations    | 1 |  1.4

Action                   |  1- 3 |  4- 6 |  7- 9 | 10-12 || total
-------------------------+-------+-------+-------+-------++-------
Melee: Long sword        |    86 |   141 |   312 |    13 ||   552
       Headbutt          |    17 |    62 |   112 |    22 ||   213
       Scimitar          |       |       |       |    62 ||    62
Invok: Heroism           |       |       |     3 |     1 ||     4
  Use: Scroll            |       |       |    11 |     2 ||    13
 Stab: Distracted        |       |     1 |       |       ||     1
  Eat: Chunk             |     2 |     4 |    11 |     2 ||    19
       Beef jerky        |     1 |       |       |     1 ||     2
Armor: Scale mail        |    55 |    18 |     5 |       ||    78
       Chain mail        |       |       |    88 |    11 ||    99
       Plate armour      |       |       |       |    10 ||    10
Dodge: Dodged            |    28 |    24 |    72 |    19 ||   143
Block: Shield            |    57 |    40 |   125 |    35 ||   257
       Rpst.: Long sword |     6 |     5 |    25 |       ||    36
       Scimitar          |       |       |       |     7 ||     7
